 Dungeon Crawl Stone Soup version 0.25-a0-549-g6e6e6501ad (webtiles) character file.

Game seed: 11662176227551690280, levelgen mode: deterministic

4 magipi the Ducker (level 1, 0/15 HPs)
             Began as a Minotaur Venom Mage on Feb 23, 2020.
             Succumbed to a hobgoblin's poison
             ... on level 1 of the Dungeon.
             The game lasted 00:01:06 (138 turns).

magipi the Ducker (Minotaur Venom Mage)              Turns: 138, Time: 00:01:07

Health: 0/15       AC:  2    Str: 12    XL:     1   Next: 50%
Magic:  1/1        EV: 12    Int: 12    God:
Gold:   6          SH:  0    Dex: 10    Spells: 1/2 levels left

rFire    . . .     SeeInvis .   (no weapon)
rCold    . . .     Gourm    .   (no shield)
rNeg     . . .     Faith    .   a - +0 robe
rPois    .         Spirit   .   (helmet restricted)
rElec    .         Reflect  .   (no cloak)
rCorr    .         Harm     .   (no gloves)
MR       .....                  (no boots)
Stlth    ++........             (no amulet)
HPRegen  0.05/turn              (no ring)
MPRegen  0.07/turn              (no ring)

@: lethally poisoned (0 -> -20)
A: retaliatory headbutt, horns 2
a: no special abilities


You were on level 1 of the Dungeon.
You were not hungry.

You visited 1 branch of the dungeon, and saw 1 of its levels.

You collected 6 gold pieces.

Inventory:

Missiles
 b - 33 stones
 e - 9 poisoned darts (quivered)
Armour
 a - a +0 robe (worn)
Scrolls
 f - a scroll of noise {unknown}
Comestibles
 c - a ration
 d - 3 chunks of flesh


   Skills:
 + Level 0.5 Fighting
 + Level 0.4 Throwing
 + Level 2.3 Dodging
 - Level 1.5 Stealth
 - Level 1.3 Spellcasting
 - Level 0.7 Transmutations
 - Level 2.1 Poison Magic


You had one spell level left.
You knew the following spells:

 Your Spells              Type           Power        Failure   Level  Hunger
a - Sting                 Tmut/Pois      #...         16%         1    ##.....

Your spell library contained the following spells:

 Spells                   Type           Power        Failure   Level  Hunger
 Poisonous Vapours        Pois/Air       #.....       28%         2    ###....
 Ignite Poison            Fire/Tmut/Pois #.......     52%         3    ####...
 Mephitic Cloud           Conj/Pois/Air  #.......     54%         3    ####...
 Olgreb's Toxic Radiance  Pois           #.......     75%         4    #####..


Dungeon Overview and Level Annotations

Branches:
Dungeon (1/15)

Altars:


Innate Abilities, Weirdness & Mutations

You reflexively headbutt those who attack you in melee.
You have a pair of horns on your head.


Message History

Found 20 stones.
Found 6 gold pieces.
A hobgoblin comes into view.
The hobgoblin shouts!
A rat comes into view.
Casting: Sting (safe; 16% risk of failure)
Confirm with . or Enter, or press ? or * to list all spells.
Aiming: Sting (safe; 16% risk of failure)
Press: ? - help, Shift-Dir - straight line, f - hobgoblin
Aim: a hobgoblin The sting misses the hobgoblin.
Unknown command.
You closely miss the hobgoblin. Your headbutt misses the hobgoblin.
The hobgoblin hits you.
You barely miss the hobgoblin. The hobgoblin hits you.
You barely miss the hobgoblin. You headbutt the hobgoblin.
You kill the hobgoblin!
You hit the rat.
You kill the rat!
Things that are here:
a rat corpse; a hobgoblin corpse
Things that are here:
a rat corpse; a hobgoblin corpse You start resting.
Magic restored.
You start resting.
A ball python comes into view.
Casting: Sting (safe; 16% risk of failure)
Confirm with . or Enter, or press ? or * to list all spells.
Aiming: Sting (safe; 16% risk of failure)
Press: ? - help, Shift-Dir - straight line, f - ball python
Aim: a ball python (hasn't noticed you)
The sting hits the ball python.
The ball python is poisoned.
The ball python is moderately wounded.
The ball python hisses angrily.
Unknown command.
You barely miss the ball python. You headbutt the ball python.
You kill the ball python!
You see here a ball python corpse.
You butcher the ball python corpse.
d - 3 chunks of flesh You see here a ball python skeleton.
You start resting.
Magic restored.
b - 33 stones (gained 20)
You see here 9 poisoned darts.
e - 9 poisoned darts
Found a scroll labeled ZILUEVA COOGG.
You now have 6 gold pieces.
Found a stone staircase leading down.
f - a scroll labeled ZILUEVA COOGG Quiver which item? (- for none, * to show all) (? for menu, Esc to quit)
Quivering
e - 9 poisoned darts for throwing.
A hobgoblin comes into view.
It is wielding a +0 spear and quivering 8 poisoned darts.
The hobgoblin moves out of view.
Unknown command.
Unknown command.
Casting: Sting (safe; 16% risk of failure)
Confirm with . or Enter, or press ? or * to list all spells.
Aiming: Sting (safe; 16% risk of failure)
Press: ? - help, Shift-Dir - straight line, f - hobgoblin
Aim: a hobgoblin, wielding a +0 spear and quivering 8 poisoned darts (hasn't noticed you)
The sting hits the hobgoblin but does no damage.
The hobgoblin is poisoned.
Unknown command.
The hobgoblin throws a poisoned dart.
The poisoned dart hits you!
You are poisoned.
You feel sick.
You feel sick.
The hobgoblin throws a poisoned dart.
The poisoned dart closely misses you.
You feel sick.
You feel sick.
The hobgoblin throws a poisoned dart.
The poisoned dart barely misses you.
You see here a poisoned dart.
You feel sick.
You feel sick.
You feel sick.
You feel sick.
You feel sick.
A frilled lizard comes into view.
The hobgoblin throws a poisoned dart.
The poisoned dart hits you!
You are lethally poisoned!
You feel sick.
The hobgoblin throws a poisoned dart.
The poisoned dart hits you!
You are more poisoned.
You see here a poisoned dart.
* * * LOW HITPOINT WARNING * * *
You feel sick. The hobgoblin closely misses you.
* * * LOW HITPOINT WARNING * * *
You feel sick. The hobgoblin completely misses you.
Unknown command.
You completely miss the hobgoblin.
The hobgoblin is almost dead.
* * * LOW HITPOINT WARNING * * *
You feel sick. The hobgoblin barely misses you. You furiously retaliate!
You headbutt the hobgoblin.
You kill the hobgoblin!
Unknown command.
Unknown command.
You aren't carrying any potions.
You die...

###...###.#
##..(g..#
#.(###..### ##.
#... #....#....
#..# ##.....# #..#
#....###
#..######)##...###
..##..(...........
#.####@########
#.......# #..#
..#l#######..#
#...#####
#.#..÷..#
...#.###†#
#####.###.##
####...####
###.........####


There were no monsters in sight!

Vanquished Creatures
  2 hobgoblins (D:1)
  A ball python (D:1)
  A rat (D:1)
4 creatures vanquished.

Notes
Turn   | Place    | Note
-------+----------+-------------------------------------------
     0 | D:1      | magipi the Minotaur Venom Mage began the quest for the Orb.
     0 | D:1      | Reached XP level 1. HP: 14/14 MP: 1/1
   138 | D:1      | Succumbed to a hobgoblin's poison

Levels and vault maps discovered:
D:1:      dpeg_arrival_rhombus, layout_rooms

Action                   || total
-------------------------++-------
Melee: Unarmed           ||     6
       Headbutt          ||     2
 Cast: Sting             ||     3
Dodge: Dodged            ||     5

Table legend:
 A = Non-vault XP
 B = Vault XP
 C = Vault XP percentage of total XP
 D = Non-vault monster count
 E = Vault monster count
 F = Vault count percentage of total count
                 A         B        C        D         E       F
            +---------+---------+-------+---------+---------+-------
      Total |       6 |       0 |   0.0 |       4 |       0 |   0.0
            +---------+---------+-------+---------+---------+-------
        D:1 |       6 |       0 |   0.0 |       4 |       0 |   0.0
            +---------+---------+-------+---------+---------+-------

Action                   || total
-------------------------++-------
Melee: Unarmed           ||     6
       Headbutt          ||     2
 Cast: Sting             ||     3
Dodge: Dodged            ||     5
